Map: Arctic Dream LE

Players

Casey - Winner!

  • Race: Terran Terran

RevMuun - Winner!

  • Race: Zerg Zerg

VOD

Have the link to the VOD?

Description

Time

  • Played on: Dec. 27, 2021, 9:17 p.m.
  • Length: 13:36
Show
View Real Time Build Order
Export as new Build Order

Casey Terran - Winner!

Build Orders:  

Get SALT Encoding   

  12  0:07  SCV  
  13  0:24  SCV  
  14  0:45  SCV  
  14  0:48  Supply Depot  
  15  1:15  Engineering Bay  
  15  1:41  SCV, Refinery  
  16  1:58  SCV  
  17  2:00  Refinery  
  17  2:15  SCV  
  18  2:32  SCV  
  19  2:49  SCV  
  20  3:06  SCV  
  21  3:11  Barracks  
  21  3:23  SCV  
  21  3:25  Terran Infantry Weapons Level 1  
  22  3:40  SCV  
  23  3:57  Barracks  
  23  4:09  Supply Depot  
  23  4:30  Barracks Tech Lab  
  23  4:39  SCV  
  24  4:42  Supply Depot  
  24  4:58  Marine  
  25  5:11  Barracks Reactor  
  25  5:23  Marine  
  26  5:31  Supply Depot  
  26  5:48  Marine  
  27  5:50  Unknown  
  27  6:03  Supply Depot  
  27  6:09  Marine x2  
  29  6:13  Marine  
  30  6:33  Marine  
  30  6:34  Marine, Supply Depot  
  30  6:38  Marine  
  33  6:58  Marine  
  33  6:59  Marine  
  35  7:03  Marauder  
  37  7:16  Terran Infantry Armor Level 1  
  37  7:23  Marine  
  37  7:24  Marine  
  39  7:33  Marauder  
  41  7:40  Concussive Shells  
  41  7:41  Factory  
  41  7:48  Marine x2  
  43  8:03  Marauder  
  50  8:10  Stimpack  
  45  8:13  Marine x2  
  47  8:33  Marauder  
  47  8:38  Marine x2  
  51  9:03  Marine x2, Marauder  
  55  9:28  Marine x2  
  57  9:33  Marauder  
  57  9:35  Missile Turret  
  58  9:53  Marine x2  
  60  10:03  Marauder  
  60  10:04  Factory Tech Lab  
  60  10:05  Missile Turret  
  62  10:18  Marine  
  63  10:31  Supply Depot  
  63  10:33  Missile Turret  
  63  11:01  Marine x2, Marauder  
  63  11:08  Siege Tank  
  70  11:16  Structure Armor  
  70  11:26  Marine  
  71  11:48  Supply Depot  
  71  12:05  Command Center  
  71  12:18  Marauder, Siege Tank  
  76  12:22  Supply Depot  
  76  12:36  Hi-Sec Auto Tracking  
  76  12:48  Marauder  
  78  12:55  Supply Depot  
Show
View Real Time Build Order
Export as new Build Order

RevMuun Zerg - Winner!

Build Orders:  

Get SALT Encoding   

  12  0:02  Drone  
  13  0:19  Overlord  
  13  0:26  Drone  
  14  0:45  Drone x2  
  16  1:10  Hatchery  
  16  1:17  Drone  
  16  1:25  Drone  
  17  1:31  Drone  
  17  1:35  Extractor  
  17  1:47  Spawning Pool  
  16  1:53  Drone  
  16  1:58  Drone  
  18  2:10  Drone  
  19  2:20  Overlord  
  19  2:54  Queen  
  19  2:55  Queen  
  19  2:57  Zergling x2  
  19  2:58  Zergling x2  
  19  2:59  Zergling x2  
  26  3:07  Drone  
  27  3:17  Drone  
  28  3:22  Drone  
  28  3:27  Drone  
  30  3:36  Overlord  
  30  3:45  Queen  
  32  4:10  Drone  
  32  4:14  Drone  
  32  4:18  Drone  
  35  4:24  Drone  
  35  4:25  Drone  
  37  4:32  Lair  
  37  4:35  Evolution Chamber  
  34  4:41  Spawning Pool  
  32  4:56  Drone  
  33  5:23  Drone x2  
  33  5:28  Drone  
  33  5:29  Overlord  
  36  5:31  Drone x2  
  36  5:32  Drone  
  36  5:39  Zerg Missile Weapons Level 1  
  39  5:44  Extractor  
  39  5:48  Drone x2  
  39  5:49  Extractor  
  39  5:55  Overlord  
  39  5:56  Drone  
  39  5:57  Drone  
  41  6:07  Roach Warren  
  40  6:44  Drone  
  40  6:46  Drone  
  42  6:50  Zergling x8  
  42  6:51  Zergling x4  
  48  7:11  Drone x3  
  48  7:16  Glial Reconstitution  
  48  7:18  Roach x3  
  48  7:19  Roach  
  59  7:21  Overlord  
  59  8:08  Drone x2  
  61  8:12  Roach x2  
  61  8:13  Roach  
  61  8:14  Overlord  
  61  8:16  Overlord  
  67  8:31  Hatchery  
  66  8:50  Roach x2  
  66  8:51  Roach x2  
  66  8:53  Zerg Ground Armor Level 1  
  74  9:14  Drone  
  74  9:15  Drone x2  
  74  9:18  Roach  
  79  9:56  Drone  
  79  9:57  Drone  
  81  10:03  Overlord  
  81  10:04  Overlord  
  81  10:06  Overlord x2  
  81  10:07  Roach  
  81  10:44  Drone x2  
  81  10:45  Drone  
  84  11:04  Queen  
  84  11:10  Extractor  
  84  11:17  Roach  
  84  11:18  Roach x4  
  84  11:19  Roach  
  94  11:21  Roach x3  
  94  11:22  Roach x3  
  105  11:48  Roach x2  
  109  11:51  Roach x3  
  115  12:05  Pneumatized Carapace  
  115  12:39  Drone  
  116  12:40  Drone  
  116  12:43  Drone  
  118  13:11  Infestation Pit  
Tags
 
Add a new tag
Caveats
  • Supply blocks, unpowered buildings, or Contaminate may cause inaccurate times.
  • Supply counts are checked every 10 seconds.